TOP OF THE 1ST |
Jacksonville Suns batting - Pitching for Biloxi Shuckers : RHP Junzo Yanagisawa
|
Pitching: RHP Junzo Yanagisawa
|
|
Batting: RHB Boof Howell
|
0-0: Ball 1-0: Ball 2-0: Ball 3-0: Base on Balls
|
Batting: RHB Miguel Velasco
|
0-0: Ball 1-0: Called Strike 1-1: Ball 2-1: Foul Ball, location: 2F 2-2: Strikes out swinging
|
Batting: RHB Akira Suzuki
|
0-0: Foul Ball, location: 2F 0-1: Called Strike 0-2: Ball 1-2: Ball 2-2: Fly out, F8 (Flyball, 89M, EV 80.6 MPH)
|
Batting: LHB Dong-u Chang
|
0-0: Called Strike Boof Howell steals 2nd base 0-1: Fly out, F7 (Line Drive, 78M, EV 95.6 MPH)
|
Top of the 1st over - 0 runs, 0 hits, 0 errors, 1 left on base; Jacksonville 0 - Biloxi 0 |
BOTTOM OF THE 1ST |
Biloxi Shuckers batting - Pitching for Jacksonville Suns : RHP Pat Siebert
|
Pitching: RHP Pat Siebert
|
|
Batting: LHB Rick Campbell
|
0-0: Ball 1-0: Ball 2-0: Ball 3-0: Called Strike 3-1: Foul Ball, location: 2F 3-2: Strikes out swinging
|
Batting: LHB Adam Hill
|
0-0: Ball 1-0: Foul Ball, location: 2F 1-1: Ball 2-1: DOUBLE (Line Drive, 89D, EV 100.0 MPH)
|
Batting: SHB Orlando Torres
|
0-0: Foul Ball, location: 2F 0-1: Swinging Strike 0-2: Ball 1-2: Foul Ball, location: 2F 1-2: Ball 2-2: Fly out, F8 (Flyball, 8LD, EV 80.6 MPH) Runner from 2nd tags up, SAFE at 3rd with throw by CF
|
Batting: SHB Mike Williams
|
0-0: Foul Ball, location: 2F 0-1: Ball 1-1: Ball 2-1: Swinging Strike 2-2: Ball 3-2: Base on Balls
|
Batting: RHB Steve Byerly
|
0-0: Ball 1-0: Ground out U3 (Groundball, 3, EV 86.2 MPH)
|
Bottom of the 1st over - 0 runs, 1 hit, 0 errors, 2 left on base; Jacksonville 0 - Biloxi 0 |
TOP OF THE 2ND |
Jacksonville Suns batting - Pitching for Biloxi Shuckers : RHP Junzo Yanagisawa
|
Batting: SHB Matt Moore
|
0-0: Called Strike 0-1: Ball 1-1: Foul Ball, location: 2F 1-2: Ball 2-2: Strikes out looking
|
Batting: RHB Larry LeFever
|
0-0: Ball 1-0: Ball 2-0: Called Strike 2-1: Ball 3-1: Ground out 5-3 (Groundball, 56S, EV 70.0 MPH)
|
Batting: RHB Tom Thompson
|
0-0: Called Strike 0-1: Foul Ball, location: 2F 0-2: Hit by Pitch
|
Batting: RHB Alberto Bravo
|
0-0: Called Strike 0-1: Foul Ball, location: 2F 0-2: Ball 1-2: Fielders Choice at 2nd, 6-4 (Groundball, 6, EV 88.1 MPH)
|
Top of the 2nd over - 0 runs, 0 hits, 0 errors, 1 left on base; Jacksonville 0 - Biloxi 0 |
BOTTOM OF THE 2ND |
Biloxi Shuckers batting - Pitching for Jacksonville Suns : RHP Pat Siebert
|
Batting: RHB Hector Silva
|
0-0: Ball 1-0: Ball 2-0: SINGLE (Groundball, 56S, EV 76.2 MPH) (infield hit)
|
Batting: RHB Brian Landrum
|
0-0: Foul Ball, location: 2F 0-1: Fielders Choice at 2nd, 6-4 (Groundball, 6, EV 89.4 MPH)
|
Batting: RHB Cameron Rattenbury
|
0-0: Foul Ball, location: 2F 0-1: Fly out, F9 (Line Drive, 89M, EV 99.4 MPH)
|
Batting: RHB Leo Serrano
|
Balk! Brian Landrum to second 0-0: Ball 1-0: Ball 2-0: Called Strike 2-1: Ball 3-1: Base on Balls
|
Batting: LHB Rick Campbell
|
0-0: Called Strike 0-1: Ball 1-1: Ball 2-1: DOUBLE (Line Drive, 7LS, EV 88.1 MPH) Brian Landrum scores Leo Serrano to third Runner from 3rd tries for Home, SAFE, no throw by LF
|
Batting: LHB Adam Hill
|
0-0: Called Strike 0-1: Ball 1-1: DOUBLE (Flyball, 89XD, EV 104.4 MPH) Rick Campbell scores
|
Batting: SHB Orlando Torres
|
0-0: Called Strike 0-1: Foul Ball, location: 2F 0-2: Ball 1-2: Strikes out swinging
|
Bottom of the 2nd over - 3 runs, 3 hits, 0 errors, 1 left on base; Jacksonville 0 - Biloxi 3 |
TOP OF THE 3RD |
Jacksonville Suns batting - Pitching for Biloxi Shuckers : RHP Junzo Yanagisawa
|
Batting: LHB Orlando Rivera
|
0-0: Ball 1-0: Called Strike 1-1: Swinging Strike 1-2: Strikes out swinging
|
Batting: RHB Boof Howell
|
0-0: Ball 1-0: Ball 2-0: Called Strike 2-1: Ball 3-1: Base on Balls
|
Batting: RHB Miguel Velasco
|
0-0: Ball Boof Howell steals 2nd base 1-0: SINGLE (Line Drive, 34D, EV 95.6 MPH) Boof Howell to third Runner from 3rd tries for Home, SAFE, throw by RF to home
|
Batting: RHB Akira Suzuki
|
0-0: Fly out, F7 (Flyball, 7, EV 93.1 MPH)
|
Batting: LHB Dong-u Chang
|
0-0: Called Strike 0-1: Foul Ball, location: 2F 0-2: SINGLE (Line Drive, 9S, EV 112.5 MPH) Miguel Velasco to second
|
Batting: SHB Matt Moore
|
0-0: Ball 1-0: Reached on error, E7 (Flyball, 7S, EV 88.8 MPH) Miguel Velasco scores Dong-u Chang to third
|
Batting: RHB Larry LeFever
|
0-0: Ball 1-0: Called Strike 1-1: Ball 2-1: Called Strike 2-2: Ball 3-2: Strikes out looking
|
Top of the 3rd over - 2 runs, 2 hits, 1 error, 2 left on base; Jacksonville 2 - Biloxi 3 |
BOTTOM OF THE 3RD |
Biloxi Shuckers batting - Pitching for Jacksonville Suns : RHP Pat Siebert
|
Batting: SHB Mike Williams
|
0-0: Reached on error, E1 (Groundball, 13S, EV 67.5 MPH)
|
Batting: RHB Steve Byerly
|
0-0: DOUBLE (Flyball, 89XD, EV 99.4 MPH) Mike Williams scores
|
Batting: RHB Hector Silva
|
0-0: Ball 1-0: Fly out, F8 (Flyball, 8RM, EV 85.0 MPH)
|
Batting: RHB Brian Landrum
|
0-0: Called Strike 0-1: Foul Ball, location: 2F 0-2: Foul Ball, location: 2F 0-2: Foul Ball, location: 2F 0-2: Ball 1-2: Ball 2-2: Ball 3-2: Foul Ball, location: 2F 3-2: Fly out, F7 (Flyball, 7, EV 70.6 MPH)
|
Batting: RHB Cameron Rattenbury
|
0-0: Ball 1-0: Swinging Strike 1-1: Foul Ball, location: 2F 1-2: Strikes out swinging
|
Bottom of the 3rd over - 1 run, 1 hit, 1 error, 1 left on base; Jacksonville 2 - Biloxi 4 |
TOP OF THE 4TH |
Jacksonville Suns batting - Pitching for Biloxi Shuckers : RHP Junzo Yanagisawa
|
Batting: RHB Tom Thompson
|
0-0: Swinging Strike 0-1: Foul Ball, location: 2F 0-2: Foul Ball, location: 2F 0-2: Foul Ball, location: 2F 0-2: Ball 1-2: Ball 2-2: Ball 3-2: Strikes out swinging
|
Batting: RHB Alberto Bravo
|
0-0: Ball 1-0: Foul Ball, location: 2F 1-1: Fly out, F9 (Line Drive, 89M, EV 91.9 MPH)
|
Batting: LHB Orlando Rivera
|
0-0: Called Strike 0-1: Ball 1-1: Foul Ball, location: 2F 1-2: Foul Ball, location: 2F 1-2: Strikes out swinging, 2-3 out at first.
|
Top of the 4th over - 0 runs, 0 hits, 0 errors, 0 left on base; Jacksonville 2 - Biloxi 4 |
BOTTOM OF THE 4TH |
Biloxi Shuckers batting - Pitching for Jacksonville Suns : RHP Pat Siebert
|
Batting: RHB Leo Serrano
|
0-0: Ball 1-0: Ball 2-0: Ball 3-0: Base on Balls
|
Pitching: RHP Matt Alexander
|
|
Batting: LHB Rick Campbell
|
0-0: Ball 1-0: Called Strike 1-1: Ball 2-1: Ball Leo Serrano is caught stealing 2nd base 2-6 3-1: Base on Balls
|
Batting: LHB Adam Hill
|
0-0: Ball Rick Campbell steals 2nd, throwing error, E2 Rick Campbell to third 1-0: DOUBLE (Line Drive, 9LD, EV 103.1 MPH) Rick Campbell scores
|
Batting: SHB Orlando Torres
|
0-0: Ball 1-0: Called Strike 1-1: Ball 2-1: Ground out 6-3 (Groundball, 6, EV 83.1 MPH)
|
Batting: SHB Mike Williams
|
0-0: Swinging Strike 0-1: Ball 1-1: Called Strike 1-2: Ball 2-2: Strikes out looking
|
Bottom of the 4th over - 1 run, 1 hit, 1 error, 1 left on base; Jacksonville 2 - Biloxi 5 |
TOP OF THE 5TH |
Jacksonville Suns batting - Pitching for Biloxi Shuckers : RHP Junzo Yanagisawa
|
Batting: RHB Boof Howell
|
0-0: Called Strike 0-1: Called Strike 0-2: Strikes out swinging
|
Batting: RHB Miguel Velasco
|
0-0: Fly out, F8 (Flyball, 78S, EV 95.6 MPH)
|
Batting: RHB Akira Suzuki
|
0-0: Ball 1-0: Ball 2-0: Called Strike 2-1: Ground out 3-1 (Groundball, 34, EV 102.5 MPH)
|
Top of the 5th over - 0 runs, 0 hits, 0 errors, 0 left on base; Jacksonville 2 - Biloxi 5 |
BOTTOM OF THE 5TH |
Biloxi Shuckers batting - Pitching for Jacksonville Suns : RHP Matt Alexander
|
Batting: RHB Steve Byerly
|
0-0: Swinging Strike 0-1: Ball 1-1: Foul Ball, location: 2F 1-2: Strikes out looking
|
Batting: RHB Hector Silva
|
0-0: Called Strike 0-1: Ball 1-1: Swinging Strike 1-2: Strikes out looking
|
Batting: RHB Brian Landrum
|
0-0: Foul Ball, location: 2F 0-1: Foul Ball, location: 2F 0-2: Foul Ball, location: 2F 0-2: Ball 1-2: Foul Ball, location: 2F 1-2: Fly out, F8 (Line Drive, 8RD, EV 91.2 MPH)
|
Bottom of the 5th over - 0 runs, 0 hits, 0 errors, 0 left on base; Jacksonville 2 - Biloxi 5 |
TOP OF THE 6TH |
Jacksonville Suns batting - Pitching for Biloxi Shuckers : RHP Junzo Yanagisawa
|
Batting: LHB Dong-u Chang
|
0-0: Called Strike 0-1: Swinging Strike 0-2: Ball 1-2: Ball 2-2: Ground out 5-3 (Groundball, 56, EV 79.4 MPH)
|
Batting: SHB Matt Moore
|
0-0: Ball 1-0: Called Strike 1-1: Ball 2-1: Ball 3-1: Base on Balls
|
Pitching: LHP Matt Wojtkiewicz
|
|
Batting: RHB Larry LeFever
|
0-0: Ball 1-0: SINGLE (Line Drive, 6MD, EV 96.2 MPH) Matt Moore to second
|
Batting: RHB Tom Thompson
|
0-0: Ball 1-0: Ball 2-0: Called Strike 2-1: Foul Ball, location: 2F 2-2: Strikes out swinging
|
Batting: RHB Alberto Bravo
|
0-0: Called Strike 0-1: Fielders Choice at 2nd, 5-4 (Groundball, 5L, EV 80.6 MPH)
|
Top of the 6th over - 0 runs, 1 hit, 0 errors, 2 left on base; Jacksonville 2 - Biloxi 5 |
BOTTOM OF THE 6TH |
Biloxi Shuckers batting - Pitching for Jacksonville Suns : RHP Matt Alexander
|
Batting: RHB Cameron Rattenbury
|
0-0: Ball 1-0: Ball 2-0: Ball 3-0: Called Strike 3-1: Fly out, F8 (Flyball, 8RD, EV 106.9 MPH)
|
Batting: RHB Leo Serrano
|
0-0: SINGLE (Groundball, 6MD, EV 93.8 MPH)
|
Batting: LHB Rick Campbell
|
0-0: Called Strike 0-1: Ball 1-1: Swinging Strike 1-2: Strikes out swinging
|
Pitching: RHP Earl Shepherd
|
|
Batting: LHB Adam Hill
|
0-0: Ball 1-0: SINGLE (Groundball, 25, EV 69.4 MPH) (infield hit) Leo Serrano to second
|
Batting: SHB Orlando Torres
|
0-0: Called Strike 0-1: Ball 1-1: Ball 2-1: Swinging Strike 2-2: Ball 3-2: Foul Ball, location: 2F 3-2: Strikes out looking
|
Bottom of the 6th over - 0 runs, 2 hits, 0 errors, 2 left on base; Jacksonville 2 - Biloxi 5 |
TOP OF THE 7TH |
Jacksonville Suns batting - Pitching for Biloxi Shuckers : LHP Matt Wojtkiewicz
|
Batting: LHB Orlando Rivera
|
0-0: Ground out 4-3 (Groundball, 34, EV 102.5 MPH)
|
Batting: RHB Boof Howell
|
0-0: Called Strike 0-1: Swinging Strike 0-2: Ball 1-2: Ball 2-2: Ball 3-2: Foul Ball, location: 2F 3-2: Base on Balls
|
Batting: RHB Miguel Velasco
|
0-0: Ball 1-0: Swinging Strike 1-1: Fly out, F9 (Flyball, 89S, EV 78.1 MPH)
|
Pitching: RHP Chris Ishii
|
|
Batting: RHB Akira Suzuki
|
0-0: Ball 1-0: Ball 2-0: Foul Ball, location: 2F 2-1: Foul Ball, location: 2F 2-2: Fly out, F8 (Flyball, 8LXD, EV 92.5 MPH)
|
Top of the 7th over - 0 runs, 0 hits, 0 errors, 1 left on base; Jacksonville 2 - Biloxi 5 |
BOTTOM OF THE 7TH |
Biloxi Shuckers batting - Pitching for Jacksonville Suns : RHP Earl Shepherd
|
Batting: SHB Mike Williams
|
0-0: Swinging Strike 0-1: Ball 1-1: Fly out, F7 (Flyball, 7, EV 88.8 MPH)
|
Batting: RHB Steve Byerly
|
0-0: Called Strike 0-1: Ball 1-1: Swinging Strike 1-2: Ball 2-2: SINGLE (Groundball, 56S, EV 65.6 MPH) (infield hit)
|
Batting: RHB Hector Silva
|
0-0: Swinging Strike 0-1: Ball 1-1: Fly out, F8 (Flyball, 8RD, EV 85.6 MPH)
|
Batting: RHB Brian Landrum
|
0-0: Swinging Strike 0-1: Foul Ball, location: 2F 0-2: Strikes out swinging
|
Bottom of the 7th over - 0 runs, 1 hit, 0 errors, 1 left on base; Jacksonville 2 - Biloxi 5 |
TOP OF THE 8TH |
Jacksonville Suns batting - Pitching for Biloxi Shuckers : RHP Chris Ishii
|
Pitching: LHP Jim McCutcheon
|
|
Batting: LHB Dong-u Chang
|
0-0: Called Strike 0-1: Ball 1-1: Foul Ball, location: 2F 1-2: Foul Ball, location: 2F 1-2: Ball 2-2: DOUBLE (Groundball, 5L, EV 102.5 MPH)
|
Batting: SHB Matt Moore
|
0-0: Ball 1-0: DOUBLE (Groundball, 5L, EV 102.5 MPH) Dong-u Chang scores
|
Batting: RHB Larry LeFever
|
0-0: Called Strike 0-1: Ball 1-1: Ball 2-1: Ball 3-1: Called Strike 3-2: Fly out, F7 (Flyball, 7, EV 87.5 MPH)
|
Batting: RHB Tom Thompson
|
0-0: Called Strike 0-1: Ball 1-1: Swinging Strike 1-2: Strikes out swinging
|
Batting: RHB Alberto Bravo
|
0-0: Foul Ball, location: 2F 0-1: Foul Ball, location: 2F 0-2: Strikes out looking
|
Top of the 8th over - 1 run, 2 hits, 0 errors, 1 left on base; Jacksonville 3 - Biloxi 5 |
BOTTOM OF THE 8TH |
Biloxi Shuckers batting - Pitching for Jacksonville Suns : RHP Earl Shepherd
|
Pitching: LHP Tyler Murders
|
|
Batting: RHB Cameron Rattenbury
|
0-0: Ball 1-0: Ball 2-0: Ball 3-0: Called Strike 3-1: Foul Ball, location: 2F 3-2: Base on Balls
|
Batting: RHB Leo Serrano
|
0-0: Bunted foul 0-1: Bunt missed! 0-2: Ball 1-2: Ground out 4-3 (Groundball, 13, EV 86.2 MPH) Cameron Rattenbury to second
|
Batting: LHB Rick Campbell
|
0-0: Called Strike Cameron Rattenbury steals 3rd base (no throw) 0-1: Ball 1-1: Called Strike 1-2: Ball 2-2: Ball 3-2: Ground out 6-3 (Groundball, 6, EV 99.4 MPH)
|
Batting: LHB Adam Hill
|
0-0: Intentional Walk
|
Batting: SHB Orlando Torres
|
0-0: Fly out, F8 (Flyball, 89S, EV 80.6 MPH)
|
Bottom of the 8th over - 0 runs, 0 hits, 0 errors, 2 left on base; Jacksonville 3 - Biloxi 5 |
TOP OF THE 9TH |
Jacksonville Suns batting - Pitching for Biloxi Shuckers : LHP Jim McCutcheon
|
Pitching: RHP Ernie Schmutz
|
|
Batting: LHB Orlando Rivera
|
0-0: Ball 1-0: Called Strike 1-1: Foul Ball, location: 2F 1-2: Strikes out swinging
|
Batting: RHB Boof Howell
|
0-0: Ball 1-0: Ball 2-0: Fly out, F7 (Flyball, 7, EV 95.6 MPH)
|
Batting: RHB Miguel Velasco
|
0-0: Ball 1-0: Fly out, F8 (Flyball, 8LS, EV 71.9 MPH)
|
Top of the 9th over - 0 runs, 0 hits, 0 errors, 0 left on base; Jacksonville 3 - Biloxi 5 |
|